 Dungeon Crawl Stone Soup version 0.25-a0-86-ga6f17ae7d4 (webtiles) character file.

Game seed: 16771946001963058376, levelgen mode: deterministic

303 D1HalberdGnoll the Sneak (level 6, -1/38 HPs)
             Began as a Kobold Assassin on Nov 9, 2019.
             Killed by divine providence
             ... invoked by an orc priest
              (11 damage)
             ... on level 4 of the Dungeon.
             The game lasted 00:05:02 (3455 turns).

D1HalberdGnoll the Sneak (Kobold Assassin)          Turns: 3455, Time: 00:05:03

Health: -1/38      AC:  7    Str: 11    XL:     6   Next: 65%
Magic:  6/6        EV: 15    Int: 12    God:
Gold:   157        SH:  0    Dex: 16    Spells: 5/5 levels left

rFire    + . .     SeeInvis .   a - +2 dagger
rCold    . . .     Gourm    .   (shield restricted)
rNeg     . . .     Faith    .   b - +0 leather armour (curse)
rPois    .         Spirit   .   k - +1 helmet
rElec    .         Reflect  .   y - +1 cloak {MR+}
rCorr    .         Harm     .   (no gloves)
MR       +....                  (no boots)
Stlth    ++++......             (no amulet)
HPRegen  0.12/turn              m - ring of protection from fire
MPRegen  0.10/turn              z - ring of wizardry

@: no status effects
A: small, carnivore
a: no special abilities


You were on level 4 of the Dungeon.
You were not hungry.

You visited 1 branch of the dungeon, and saw 5 of its levels.

You collected 157 gold pieces.

Inventory:

Hand Weapons
 a - a +2 dagger (weapon)
Missiles
 d - 42 poisoned darts (quivered)
 e - 2 curare-tipped darts
 r - 4 atropa-tipped darts
Armour
 b - a cursed +0 leather armour (worn)
 k - a +1 helmet (worn)
 y - a +1 cloak of magic resistance (worn)
Jewellery
 m - a ring of protection from fire (left hand)
 x - a +6 ring of intelligence
 z - a ring of wizardry (right hand)
Wands
 q - a wand of iceblast (6)
Scrolls
 h - 4 scrolls of amnesia {unknown}
 i - a scroll of magic mapping {unknown}
 n - 3 scrolls of enchant weapon {unknown}
 s - 2 scrolls of random uselessness {unknown}
 t - 5 scrolls of identify {unknown}
 v - a scroll of enchant armour {unknown}
 w - a scroll of remove curse {unknown}
Potions
 c - a potion of heal wounds {unknown}
 g - 2 potions of haste {unknown}
 j - a potion of cancellation {unknown}
 l - a potion of brilliance {unknown}
 o - a potion of resistance {unknown}
 p - a potion of curing {unknown}
 u - a potion of agility {unknown}
Comestibles
 f - 6 rations


   Skills:
 + Level 3.7 Fighting
 + Level 4.4 Short Blades
 - Level 2.1 Throwing
 + Level 3.4 Dodging
 * Level 7.8 Stealth


You had 5 spell levels left.
You didn't know any spells.
Your spell library contained the following spells:

 Spells                   Type           Power        Failure   Level  Hunger
 Beastly Appendage        Tmut           #.....       17%         1    ##.....
 Sticks to Snakes         Tmut           #.......     26%         2    ###....
 Spider Form              Tmut/Pois      #.........   45%         3    ####...
 Ice Form                 Ice/Tmut       #.......     83%         4    #####..
 Blade Hands              Tmut           #.........   99%         5    ######.


Dungeon Overview and Level Annotations

Branches:
Dungeon (5/15)
 Temple: D:4-7

Altars:
Cheibriados
Ru

Shops:
D:4 :


Innate Abilities, Weirdness & Mutations

You are small and have problems with some larger weapons.
You are carnivorous and can eat meat at any time.


Message History

The orc priest is heavily wounded.
The orc priest calls down the wrath of Beogh upon you.
Beogh smites you!
* * * LOW HITPOINT WARNING * * *
You are too injured to fight recklessly!
You are too injured to fight recklessly!
Throwing (i - inventory. (/) - cycle)
d - 43 poisoned darts (quivered)
Press: ? - help, Shift-Dir - straight line, f/p - orc priest
Aim: an orc priest, wielding a +0 flail (heavily wounded, poisoned)
You throw a poisoned dart. The poisoned dart hits the orc priest.
The orc priest looks even sicker.
The orc priest is heavily wounded.
You hit the orc priest.
The orc priest is heavily wounded.
The orc priest closely misses you.
You barely miss the orc priest.
The orc priest is severely wounded.
The orc priest calls down the wrath of Beogh upon you.
Beogh smites you!
You die...

##### #.... ... .(. .
#Z# .## .. #o# ..# .#
#@# #.##.## #.#
####..#..# #.#
#........# #####.#
#........## #.....#
#.........#
#.#######....∩....#
#.#####...####..#.####
#.(.).'...............
#######...#####...####


You could see an orc priest and a ball python skeleton.

Vanquished Creatures
  Sigmund (D:3)
  3 adders (D:2)
  3 oozes
  An adder skeleton (D:4)
  A worm (D:2)
  2 dart slugs
  5 leopard geckos
  11 orcs
  A ball python (D:2)
  7 bats
  4 giant cockroaches
  7 goblins
  10 hobgoblins
  8 jackals
  A quokka (D:3)
  A frilled lizard (D:3)
  5 kobolds
  5 rats
76 creatures vanquished.

Notes
Turn   | Place    | Note
-------+----------+-------------------------------------------
     0 | D:1      | D1HalberdGnoll the Kobold Assassin began the quest for the
                  | Orb.
     0 | D:1      | Reached XP level 1. HP: 12/12 MP: 1/1
   233 | D:1      | Reached XP level 2. HP: 18/18 MP: 2/2
   687 | D:2      | Reached XP level 3. HP: 22/22 MP: 3/3
   757 | D:2      | Reached skill level 6 in Stealth
  1007 | D:2      | Reached XP level 4. HP: 9/27 MP: 4/4
  2244 | D:2      | Found a sacrificial altar of Ru.
  2248 | D:2      | Found a snail-covered altar of Cheibriados.
  2520 | D:3      | Reached XP level 5. HP: 32/32 MP: 5/5
  2561 | D:3      | Noticed Sigmund
  2573 | D:3      | Killed Sigmund
  2573 | D:3      | Reached skill level 7 in Stealth
  2573 | D:3      | Reached XP level 6. HP: 34/37 MP: 6/6
  2704 | D:3      | You fall into a shaft and drop 2 floors!
  2704 | D:5      | Entered Level 5 of the Dungeon
  3391 | D:4      | Found Wadaatzo's Book Shop.
  3455 | D:4      | Killed from afar by an orc priest

Levels and vault maps discovered:
D:1:      sevenhm_arrival_forest_fort_large_4, layout_basic
D:2:      layout_basic, minitemple
D:3:      layout_loops_ring, nicolae_overflow_hidden_temple, first_ration,
          minmay_quadrilaterals, uniq_sigmund
D:4:      layout_basic, serial_shops, shop, gup_sewer_entry_spiral
D:5:      layout_cave_pools, corexii_checkpoint_b

Skill      XL: |  1  2  3  4  5 |
---------------+----------------+-----
Short Blades   | 3 4 |  4.4
Stealth        | 6 7 |  7.8
Dodging        | 2 3 |  3.4
Fighting       | 3 |  3.7
Throwing       | |  2.1

Action                   |  1- 3 |  4- 6 || total
-------------------------+-------+-------++-------
Melee: Dagger            |   104 |   236 ||   340
Throw: Dart              |     5 |     8 ||    13
 Stab: Sleeping          |     5 |    12 ||    17
       Invisible         |     1 |       ||     1
  Eat: Chunk             |       |     9 ||     9
Armor: Robe              |    23 |     8 ||    31
       Leather armour    |       |    37 ||    37
Dodge: Dodged            |    81 |   134 ||   215

Table legend:
 A = Non-vault XP
 B = Vault XP
 C = Vault XP percentage of total XP
 D = Non-vault monster count
 E = Vault monster count
 F = Vault count percentage of total count
                 A         B        C        D         E       F
            +---------+---------+-------+---------+---------+-------
      Total |     204 |     229 |  52.9 |      71 |       5 |   6.6
            +---------+---------+-------+---------+---------+-------
        D:1 |      24 |       0 |   0.0 |       9 |       0 |   0.0
        D:2 |      96 |       0 |   0.0 |      28 |       0 |   0.0
        D:3 |      58 |     229 |  79.8 |      26 |       5 |  16.1
        D:4 |      26 |       0 |   0.0 |       8 |       0 |   0.0
            +---------+---------+-------+---------+---------+-------
